 Dungeon Crawl Stone Soup version 0.25.1-2-g60ff931df9 (webtiles) character file.

Game seed: 14900232483643133448

553 Eitelfritz the Shield-Bearer (level 7, 0/60 HPs)
             Began as a Hill Orc Fighter on Sept 17, 2020.
             Slain by a troll (9 damage)
             ... on level 4 of the Dungeon.
             The game lasted 00:12:15 (3671 turns).

Eitelfritz the Shield-Bearer (Hill Orc Fighter)     Turns: 3671, Time: 00:12:15

Health: 0/60       AC: 13    Str: 19    XL:     7   Next: 29%
Magic:  7/7        EV:  4    Int: 10    God:
Gold:   262        SH: 10    Dex: 10    Spells: 6/6 levels left

rFire    . . .     SeeInvis .   a - +1 long sword
rCold    . . .     Gourm    .   c - +0 kite shield
rNeg     . . .     Faith    .   m - +0 plate armour
rPois    .         Spirit   .   (no helmet)
rElec    .         Reflect  .   (no cloak)
rCorr    .         Harm     .   k - +0 pair of gloves
MR       .....                  (no boots)
Stlth    ..........             s - amulet of the acrobat
HPRegen  0.20/turn              (no ring)
MPRegen  0.10/turn              (no ring)

@: mighty
A: no striking features
a: no special abilities


You were on level 4 of the Dungeon.
You were not hungry.

You visited 1 branch of the dungeon, and saw 4 of its levels.

You collected 262 gold pieces.

Inventory:

Hand Weapons
 a - a +1 long sword (weapon)
 r - a +0 flail
Missiles
 o - 13 atropa-tipped darts (quivered)
 q - 92 stones
Armour
 c - a +0 kite shield (worn)
 k - a +0 pair of gloves (worn)
 m - a +0 plate armour (worn)
Jewellery
 s - an amulet of the acrobat (around neck)
Wands
 v - a wand of random effects (24)
Scrolls
 l - a scroll of amnesia {unknown}
 t - a scroll of random uselessness {unknown}
Potions
 d - 2 potions of might
 e - a potion of magic
 g - a potion of ambrosia {unknown}
 h - 2 potions of lignification
 i - 2 potions of haste {unknown}
 j - a potion of cancellation {unknown}
 n - a potion of flight {unknown}
 p - a potion of heal wounds {unknown}
 u - 2 potions of stabbing {unknown}
Comestibles
 b - 3 chunks of flesh
 f - 8 rations


   Skills:
 + Level 4.7 Fighting
 + Level 5.3 Long Blades
 + Level 4.6 Armour
 + Level 0.9 Dodging
 + Level 0.1 Stealth
 + Level 5.6 Shields


You had 6 spell levels left.
You didn't know any spells.
Your spell library was empty.

Dungeon Overview and Level Annotations

Branches:
Dungeon (4/15)
 Temple: D:4-7

Altars:
Okawaru
Xom


Message History

The troll is heavily wounded.
The troll bites you but does no damage. The troll claws you!
The troll claws you. The troll bites you but does no damage.
The troll claws you but does no damage. The troll barely misses you.
You hit the troll but do no damage.
The troll is heavily wounded.
The troll bites you. The troll claws you but does no damage.
The troll claws you.
You hit the troll.
The troll is heavily wounded.
You block the troll's attack. x2; The troll claws you but does no damage.
You completely miss the troll.
The troll is heavily wounded.
The troll bites you! You block the troll's attack. x2
Your plate armour prevents you from hitting the troll.
The troll is heavily wounded.
The troll bites you!
* * * LOW HITPOINT WARNING * * *
The troll claws you!
You die...

.#..####.................#......#
...##....##..#######...........##
......######.####....###.....#..#
..##### #.......##########.#...
.## ######..###### #....#...#. .#
#..........#######.88.#..... ##
#........###....##)88.#.###. #
#........#..####.#....'.# #. #
#........#.@# #.#'###### #. #
#........###T.##.#..# ##
#[.......# a.##.#..## #........#
###.####.# #........#..###.# #.#
#........# #$a#.# #.# ##########
#$(#.####.# #####....## ######


You could see a troll and a worker ant.

Vanquished Creatures
  An ogre (D:3)
  A howler monkey (D:3)
  2 hounds (D:3)
  2 bullfrog skeletons (D:4)
  An orc wizard (D:4)
  Natasha (twice) (D:3)
  7 gnolls
  7 adders
  2 oozes
  2 worms
  2 dart slugs (D:1)
  3 leopard geckos
  An orc (D:3)
  5 bats
  3 giant cockroaches
  6 hobgoblins
  17 jackals
  8 kobolds
  A quokka (D:2)
  7 frilled lizards
  7 goblins
  A leopard gecko skeleton (D:4)
  11 rats
99 creatures vanquished.

Notes
Turn   | Place    | Note
-------+----------+-------------------------------------------
     0 | D:1      | Eitelfritz the Hill Orc Fighter began the quest for the
                  | Orb.
     0 | D:1      | Reached XP level 1. HP: 19/19 MP: 1/1
    75 | D:1      | Reached XP level 2. HP: 26/27 MP: 2/2
    85 | D:1      | You fall into a shaft and drop 1 floor!
   292 | D:1      | Reached XP level 3. HP: 25/33 MP: 3/3
  1154 | D:2      | Reached XP level 4. HP: 40/40 MP: 4/4
  1544 | D:2      | Reached XP level 5. HP: 29/46 MP: 5/5
  1823 | D:3      | Noticed Natasha
  1831 | D:3      | Killed Natasha
  2114 | D:3      | Found an iron altar of Okawaru.
  2548 | D:4      | Noticed an ogre
  2584 | D:3      | Reached XP level 6. HP: 18/52 MP: 6/6
  2588 | D:3      | Reached skill level 5 in Shields
  2785 | D:3      | Noticed Natasha
  2791 | D:3      | Killed Natasha
  2946 | D:3      | Reached XP level 7. HP: 51/60 MP: 7/7
  3214 | D:4      | Reached skill level 5 in Long Blades
  3342 | D:4      | Found a shimmering altar of Xom.
  3664 | D:4      | Noticed a troll
  3671 | D:4      | Slain by a troll

Illustrated notes

Levels and vault maps discovered:
D:1:      dpeg_arrival_round_c, layout_rooms
D:2:      layout_basic
D:3:      layout_basic, nicolae_overflow_hidden_temple,
          nicolae_underground_beach, uniq_natasha
D:4:      minmay_chambers_of_fours, layout_rooms, xom_butterflies

Skill      XL: |  1  2  3  4  5  6  7 |
---------------+----------------------+-----
Shields        | 4 5 |  5.6
Fighting       | 4 |  4.7
Long Blades    | 3 4 5 |  5.3
Armour         | 4 |  4.6
Dodging        | |  0.9
Stealth        | |  0.1

Action                   |  1- 3 |  4- 6 |  7- 9 || total
-------------------------+-------+-------+-------++-------
Melee: Long sword        |   131 |   290 |    63 ||   484
  Use: Scroll            |       |     5 |       ||     5
       Potion            |       |       |     1 ||     1
  Eat: Chunk             |     1 |     6 |     3 ||    10
Armor: Scale mail        |    32 |       |       ||    32
       Plate armour      |    34 |   213 |    48 ||   295
Dodge: Dodged            |    27 |    71 |    19 ||   117
Block: Kite shield       |    80 |   204 |    52 ||   336
       Rpst.: Long sword |     7 |    22 |     6 ||    35
